Panthers vs Rangers
(R1)
Created - March 11, 2019 at 19:07
Goals
|
Panthers |
2 |
2 |
1 |
5 |
Rangers |
0 |
1 |
1 |
2 |
|
Shots
|
Panthers |
8 |
10 |
11 |
29 |
Rangers |
10 |
8 |
7 |
25 |
|
1st period
1. Panthers , Nigel Dawes 2 (Jonathan Sigalet 19, Jonathan Matsumoto 12) at 5:04
2. Panthers , Erik Christensen 14 (Steve Quailer 7, Mike Weber 6) at 12:55
Penalties :
Jakob Silfverberg (NYR) for Tripping (Minor) at 10:44, Erik Christensen (Flo) for Interference (Minor) at 15:40
2nd period
3. Rangers , Chris Bourque 10 (Matt Read 22, Maxime Sauvé 1) at 0:36
4. Panthers , Erik Gudbranson 6 (Erik Christensen 18) at 9:42
5. Panthers , Nigel Dawes 3 (Mike Weber 7) at 18:14
Penalties :
Jakob Silfverberg (NYR) for High sticking (Minor) at 9:45
3rd period
6. Rangers , Alex Tanguay 18 (Stephen Weiss 18, James Neal 20) at 17:25 (PP)
7. Panthers , Erik Christensen 15 (Steve Quailer 8) at 17:31
Penalties :
Erik Christensen (Flo) for High sticking (Minor) at 1:07, Cam Barker (NYR) for Roughing (Minor) at 4:39, Alex Tanguay (NYR) for Boarding (Minor) at 6:02, Alexei Emelin (NYR) for Hooking (Minor) at 8:31, Jean-Gabriel Pageau (Flo) for Tripping (Minor) at 12:22, Drew Stafford (Flo) for Holding Stick (Minor) at 12:25, Matt Duchene (Flo) for Hooking (Minor) at 16:06, Jonathan Sigalet (Flo) for Holding (Minor) at 18:07
Goalie Stats
Antti Niemi (Flo), 23 saves from 25 shots - (0.920), W, 16-17-7, 60:00 minutes
Frederik Andersen (NYR), 10 saves from 11 shots - (0.909), 21:46 minutes
Braden Holtby (NYR), 14 saves from 18 shots - (0.778), L, 6-7-1, 38:14 minutes
Players Stats for Panthers
Player Name G A P +/- PIM S H SB GA TA FO MP PP MP PK MP
------------------------------------------------------------------------------------
Daniel Sedin 0 0 0 0 0 4 0 0 0 1 0/0 16:19 4:14 0:13
Drew Stafford 0 0 0 0 2 3 1 0 0 1 1/2 19:42 4:14 4:25
Eric Wellwood 0 0 0 3 0 1 2 1 0 0 0/0 11:05 0:00 1:35
Erik Christensen 2 1 3 3 4 3 2 1 0 0 12/16 13:50 0:00 3:03
Erik Gudbranson 1 0 1 2 0 2 1 1 1 0 0/0 30:29 6:07 6:10
Jean-Gabriel Pageau 0 0 0 0 2 0 2 0 0 0 5/8 17:56 4:14 2:33
Jonathan Matsumoto 0 1 1 2 0 2 0 0 0 0 1/3 6:51 0:00 0:00
Jonathan Sigalet 0 1 1 2 2 3 2 3 0 1 0/0 25:22 6:07 2:19
Kyle Clifford 0 0 0 -1 0 4 0 0 0 1 1/1 18:56 5:05 0:58
Matt Duchene 0 0 0 -1 2 2 2 0 1 1 15/29 19:27 5:05 0:27
Matt Irwin 0 0 0 0 0 0 1 1 0 0 0/0 15:24 3:12 0:00
Mike Weber 0 2 2 2 0 0 2 2 0 0 0/0 14:24 0:00 3:18
Nigel Dawes 2 0 2 2 0 2 0 0 0 0 0/0 6:51 0:00 0:00
Patrick Eaves 0 0 0 2 0 0 1 0 0 0 0/0 6:51 0:00 0:00
Radko Gudas 0 0 0 0 0 0 1 3 1 1 0/0 23:00 3:12 5:53
Steve Quailer 0 2 2 3 0 1 0 0 0 1 2/6 13:02 0:00 3:11
Tomas Kopecky 0 0 0 -1 0 2 0 0 0 2 0/1 17:58 5:05 0:00
William Colbert 0 0 0 2 0 0 0 1 0 1 0/0 11:20 0:00 0:42
Players Stats for Rangers
Player Name G A P +/- PIM S H SB GA TA FO MP PP MP PK MP
------------------------------------------------------------------------------------
Alex Tanguay 1 0 1 -2 2 4 2 1 0 0 0/0 20:15 4:26 3:10
Alexei Emelin 0 0 0 -2 2 0 1 1 0 0 0/0 14:36 0:04 3:32
Artem Anisimov 0 0 0 0 0 3 0 0 0 0 1/2 6:29 0:00 0:00
Cam Barker 0 0 0 0 2 1 3 2 1 0 0/0 28:37 5:51 4:25
Chris Bourque 1 0 1 -1 0 1 2 1 0 0 1/1 12:35 0:00 3:11
Devante Smith-Pelly 0 0 0 0 0 0 0 0 0 0 0/0 7:44 0:04 0:00
Jakob Silfverberg 0 0 0 -2 4 3 1 0 4 1 1/2 19:54 4:41 2:57
James Neal 0 1 1 -1 0 1 3 0 0 0 0/2 16:52 4:26 0:00
Magnus Paajarvi-Svensson 0 0 0 0 0 2 3 0 0 0 0/0 6:34 0:00 0:05
Mark Fistric 0 0 0 0 0 1 3 2 0 1 0/0 30:10 5:51 5:57
Matt Greene 0 0 0 -3 0 2 1 0 1 1 0/0 20:27 3:20 3:22
Matt Read 0 1 1 -1 0 0 0 0 1 0 0/0 9:58 0:04 0:00
Maxime Sauvé 0 1 1 -1 0 0 1 1 0 0 4/11 8:57 0:00 0:00
Patrice Bergeron 0 0 0 -1 0 4 2 0 2 0 10/25 19:57 4:41 3:04
Patrik Nemeth 0 0 0 -1 0 0 1 0 0 0 0/0 9:44 0:00 0:00
Ryan Suter 0 0 0 -2 0 0 1 0 1 0 0/0 18:25 3:20 1:43
Sean Couturier 0 0 0 -1 0 1 0 1 0 0 4/7 21:32 4:41 5:03
Stephen Weiss 0 1 1 -2 0 2 3 1 0 0 8/16 17:14 4:26 0:10
3 Stars
1 - Erik Christensen (Flo)
2 - Nigel Dawes (Flo)
3 - Mike Weber (Flo)
Power Play
Panthers - 0 on 5 Attempt(s) - 0.00%
Rangers - 1 on 6 Attempt(s) - 16.67%
Penalty Kill
Panthers - 5 on 6 Attempt(s) - 83.33%
- Score 0 goal in Penalty Kill
Rangers - 5 on 5 Attempt(s) - 100.00%
- Score 0 goal in Penalty Kill
Team Stat
Panthers - Hits : 17 - Faceoff Wins : 37 - Blocked Shots : 13 - Penalty Minutes : 12
Rangers - Hits : 27 - Faceoff Wins : 29 - Blocked Shots : 10 - Penalty Minutes : 10
Official
Referees : Unknown
Linesman : Unknown
Game Notes
Frederik Andersen enters game at 18:14 of 2nd period
Finance
Level 1 -- Attendance: 4332 (72.20%) -- Ticket Income $411,540
Level 2 -- Attendance: 3934 (78.68%) -- Ticket Income $236,040
Level 3 -- Attendance: 1867 (93.35%) -- Ticket Income $65,345
Level 4 -- Attendance: 3806 (95.15%) -- Ticket Income $95,150
Luxury Box -- Attendance: 740 (74.00%) -- Ticket Income $133,200
Game was played at the Madison Square Garden.
Total Attendance: 14679 (81.55%)
Total Ticket Income: $941,275
Other Income: $141,191
Total Income: $1,082,466
Panthers
5 vs 5 Forward
Center Left Wing Right Wing Time % Phy DF OF
1 Matt Duchene Kyle Clifford Tomas Kopecky 40 1 2 2
2 Jean-Gabriel Pageau Daniel Sedin Drew Stafford 30 1 2 2
3 Erik Christensen Eric Wellwood Steve Quailer 20 1 2 2
4 Jonathan Matsumoto Nigel Dawes Patrick Eaves 10 1 2 2
5 vs 5 Defense
Defense Defense Time % Phy DF OF
1 Erik Gudbranson Jonathan Sigalet 40 1 2 2
2 Radko Gudas Matt Irwin 30 1 2 2
3 Mike Weber William Colbert 20 1 2 2
4 Erik Gudbranson Jonathan Sigalet 10 1 2 2
PowerPlay Forward
Center Left Wing Right Wing Time % Phy DF OF
1 Matt Duchene Kyle Clifford Tomas Kopecky 60 1 2 2
2 Jean-Gabriel Pageau Daniel Sedin Drew Stafford 40 1 2 2
PowerPlay Defense
Defense Defense Time % Phy DF OF
1 Erik Gudbranson Jonathan Sigalet 60 1 2 2
2 Radko Gudas Matt Irwin 40 1 2 2
Penalty Kill 4 Players Forward
Center Wing Time % Phy DF OF
1 Erik Christensen Drew Stafford 60 1 2 2
2 Jean-Gabriel Pageau Kyle Clifford 40 1 2 2
Penalty Kill 4 Players Defense
Defense Defense Time % Phy DF OF
1 Erik Gudbranson Radko Gudas 60 1 2 2
2 Jonathan Sigalet Mike Weber 40 1 2 2
Penalty Kill - 3 Players Forward
Forward Time % Phy DF OF
1 Erik Christensen 60 1 2 2
2 Drew Stafford 40 1 2 2
Penalty Kill - 3 Players Defense
Defense Defense Time % Phy DF OF
1 Erik Gudbranson Radko Gudas 60 1 2 2
2 Jonathan Sigalet Mike Weber 40 1 2 2
4 vs 4 Forward
Center Wing Time % Phy DF OF
1 Matt Duchene Kyle Clifford 60 1 2 2
2 Jean-Gabriel Pageau Drew Stafford 40 1 2 2
4 vs 4 Defense
Defense Defense Time % Phy DF OF
1 Erik Gudbranson Jonathan Sigalet 60 1 2 2
2 Radko Gudas Matt Irwin 40 1 2 2
Last Minutes Offensive
Center Left Wing Right Wing Defense Defense
Matt Duchene Kyle Clifford Tomas Kopecky Erik Gudbranson Jonathan Sigalet
Last Minutes Defensive
Center Left Wing Right Wing Defense Defense
Jean-Gabriel Pageau Kyle Clifford Drew Stafford Erik Gudbranson Jonathan Sigalet
Goaltenders
Starting : Antti Niemi
Backup : Petr Mrazek
Extra Forwards
Normal : Jean-Gabriel Pageau, Matt Duchene, Drew Stafford - PP : Drew Stafford, Kyle Clifford - PK : Steve Quailer
Extra Defensemen
Normal : Radko Gudas, Erik Gudbranson, Jonathan Sigalet - PP : Mike Weber - PK : Jonathan Sigalet, Erik Gudbranson
Penalty Shots
Jean-Gabriel Pageau, Daniel Sedin, Drew Stafford, Matt Duchene, Kyle Clifford
Scratches
Alex Galchenyuk (Broken Right Index Finger Injury)
Rangers
5 vs 5 Forward
Center Left Wing Right Wing Time % Phy DF OF
1 Patrice Bergeron Sean Couturier Jakob Silfverberg 35 1 2 2
2 Stephen Weiss Alex Tanguay James Neal 30 1 2 2
3 Maxime Sauvé Chris Bourque Matt Read 20 1 2 2
4 Artem Anisimov Magnus Paajarvi-Svensson Devante Smith-Pelly 15 1 2 2
5 vs 5 Defense
Defense Defense Time % Phy DF OF
1 Cam Barker Mark Fistric 40 1 2 2
2 Ryan Suter Matt Greene 30 1 2 2
3 Patrik Nemeth Alexei Emelin 20 1 2 2
4 Cam Barker Mark Fistric 10 1 2 2
PowerPlay Forward
Center Left Wing Right Wing Time % Phy DF OF
1 Patrice Bergeron Sean Couturier Jakob Silfverberg 60 1 2 2
2 Stephen Weiss Alex Tanguay James Neal 40 1 2 2
PowerPlay Defense
Defense Defense Time % Phy DF OF
1 Cam Barker Mark Fistric 60 1 2 2
2 Ryan Suter Matt Greene 40 1 2 2
Penalty Kill 4 Players Forward
Center Wing Time % Phy DF OF
1 Sean Couturier Jakob Silfverberg 60 1 2 2
2 Patrice Bergeron Alex Tanguay 40 1 2 2
Penalty Kill 4 Players Defense
Defense Defense Time % Phy DF OF
1 Cam Barker Mark Fistric 60 1 2 2
2 Alexei Emelin Matt Greene 40 1 2 2
Penalty Kill - 3 Players Forward
Forward Time % Phy DF OF
1 Sean Couturier 60 1 2 2
2 Jakob Silfverberg 40 1 2 2
Penalty Kill - 3 Players Defense
Defense Defense Time % Phy DF OF
1 Cam Barker Mark Fistric 60 1 2 2
2 Alexei Emelin Matt Greene 40 1 2 2
4 vs 4 Forward
Center Wing Time % Phy DF OF
1 Maxime Sauvé Jakob Silfverberg 60 1 2 2
2 Patrice Bergeron Devante Smith-Pelly 40 1 2 2
4 vs 4 Defense
Defense Defense Time % Phy DF OF
1 Cam Barker Patrik Nemeth 60 1 2 2
2 Ryan Suter Mark Fistric 40 1 2 2
Last Minutes Offensive
Center Left Wing Right Wing Defense Defense
Patrice Bergeron Sean Couturier Jakob Silfverberg Cam Barker Mark Fistric
Last Minutes Defensive
Center Left Wing Right Wing Defense Defense
Patrice Bergeron Sean Couturier Jakob Silfverberg Cam Barker Mark Fistric
Goaltenders
Starting : Braden Holtby
Backup : Frederik Andersen
Extra Forwards
Normal : Devante Smith-Pelly, Matt Read, Chris Bourque - PP : Devante Smith-Pelly, Matt Read - PK : Chris Bourque
Extra Defensemen
Normal : Patrik Nemeth, Alexei Emelin, Ryan Suter - PP : Patrik Nemeth - PK : Alexei Emelin, Ryan Suter
Penalty Shots
Sean Couturier, Jakob Silfverberg, Patrice Bergeron, Alex Tanguay, James Neal
Scratches
Milan Lucic (Bruised Right Leg Injury), Gustav Nyquist (Bruised Left Arm Injury), Colten Teubert (Upper Body Injury)
% Time on Ice - Panthers
Lines # - Real PCT - Wanted PCT - Time Play
Normal Forward
1 - 35% - 40% - 14:30
2 - 26% - 30% - 10:39
3 - 23% - 20% - 9:30
4 - 17% - 10% - 6:51
Normal Defense
1 - 40% - 40% - 16:41
2 - 30% - 30% - 12:15
3 - 26% - 20% - 10:38
4 - 5% - 10% - 1:56
PP Forward
1 - 55% - 60% - 5:05
2 - 45% - 40% - 4:14
PP Defense
1 - 66% - 60% - 6:07
2 - 34% - 40% - 3:12
PK Forward
1 - 87% - 60% - 6:17
2 - 13% - 40% - 0:58
PK Defense
1 - 63% - 60% - 4:35
2 - 37% - 40% - 2:40
PK3 Forward
1 - 97% - 60% - 1:53
2 - 3% - 40% - 0:03
PK3 Defense
1 - 67% - 60% - 1:18
2 - 33% - 40% - 0:38
44 Forward
1 - 0% - 60%
2 - 0% - 40%
44 Defense
1 - 0% - 60%
2 - 0% - 40%
Last Minute Offensive - 0:00
Last Minute Defensive - 0:00
Total
Forward - 60:00
Defense - 60:00
|
% Time on Ice - Rangers
Lines # - Real PCT - Wanted PCT - Time Play
Normal Forward
1 - 33% - 35% - 13:38
2 - 30% - 30% - 12:26
3 - 22% - 20% - 8:57
4 - 16% - 15% - 6:29
Normal Defense
1 - 40% - 40% - 16:37
2 - 32% - 30% - 13:24
3 - 23% - 20% - 9:44
4 - 4% - 10% - 1:45
PP Forward
1 - 52% - 60% - 4:45
2 - 48% - 40% - 4:26
PP Defense
1 - 64% - 60% - 5:51
2 - 36% - 40% - 3:20
PK Forward
1 - 78% - 60% - 6:50
2 - 22% - 40% - 1:53
PK Defense
1 - 67% - 60% - 5:53
2 - 33% - 40% - 2:50
PK3 Forward
1 - 72% - 60% - 0:26
2 - 28% - 40% - 0:10
PK3 Defense
1 - 100% - 60% - 0:36
2 - 0% - 40% - 0:00
44 Forward
1 - 0% - 60%
2 - 0% - 40%
44 Defense
1 - 0% - 60%
2 - 0% - 40%
Last Minute Offensive - 0:00
Last Minute Defensive - 0:00
Total
Forward - 60:00
Defense - 60:00
|
Play-by-Play
1st period
0:01 of 1st period - Patrice Bergeron wins face-off versus Matt Duchene in neutral zone.
0:33 of 1st period - Wrist shot by Daniel Sedin.
0:33 of 1st period - Deflect By Jean-Gabriel Pageau.
0:33 of 1st period - Shot Misses the Net.
0:33 of 1st period - Puck is out of play.
0:34 of 1st period - Erik Christensen wins face-off versus Stephen Weiss in Rangers zone.
1:07 of 1st period - Snap shot by Artem Anisimov.
1:07 of 1st period - Stopped by Antti Niemi with a rebound.
1:51 of 1st period - Off-side.
1:52 of 1st period - Jean-Gabriel Pageau wins face-off versus Stephen Weiss in neutral zone.
2:26 of 1st period - Wrist shot by Jakob Silfverberg.
2:26 of 1st period - Stopped by Antti Niemi with a rebound.
2:28 of 1st period - Wrist shot by Jakob Silfverberg.
2:28 of 1st period - Stopped by Antti Niemi without a rebound.
2:29 of 1st period - Erik Christensen wins face-off versus Maxime Sauvé in Panthers zone.
2:29 of 1st period - Erik Christensen is hit by Chris Bourque.
2:55 of 1st period - Wrist shot by Magnus Paajarvi-Svensson.
2:55 of 1st period - Shot Blocked by Matt Irwin.
2:57 of 1st period - Slapshot by Patrik Nemeth.
2:57 of 1st period - Shot Misses the Net.
3:17 of 1st period - Wrist shot by Jakob Silfverberg.
3:17 of 1st period - Stopped by Antti Niemi without a rebound.
3:18 of 1st period - Jonathan Matsumoto wins face-off versus Patrice Bergeron in Panthers zone.
4:02 of 1st period - Snap shot by Jonathan Matsumoto.
4:02 of 1st period - Shot Misses the Net.
4:04 of 1st period - Slapshot by Jonathan Sigalet.
4:04 of 1st period - Shot Blocked by Cam Barker.
4:06 of 1st period - Snap shot by Nigel Dawes.
4:06 of 1st period - Shot Misses the Net.
4:32 of 1st period - Snap shot by Patrice Bergeron.
4:32 of 1st period - Stopped by Antti Niemi with a rebound.
4:44 of 1st period - Snap shot by Jonathan Matsumoto.
4:44 of 1st period - Shot Blocked by Mark Fistric.
4:48 of 1st period - Snap shot by Jonathan Matsumoto.
4:48 of 1st period - Shot Misses the Net.
4:50 of 1st period - Slapshot by Jonathan Sigalet.
4:50 of 1st period - Stopped by Braden Holtby with a rebound.
5:00 of 1st period - Snap shot by Jonathan Matsumoto.
5:00 of 1st period - Stopped by Braden Holtby with a rebound.
5:02 of 1st period - Wrist shot by Jonathan Sigalet.
5:02 of 1st period - Shot Blocked by Cam Barker.
5:04 of 1st period - Snap shot by Nigel Dawes.
5:04 of 1st period - Goal by Nigel Dawes - Panthers : 1 - Rangers : 0.
5:05 of 1st period - Stephen Weiss wins face-off versus Matt Duchene in neutral zone.
5:37 of 1st period - Slapshot by Daniel Sedin.
5:37 of 1st period - Deflect By Matt Read.
5:37 of 1st period - Stopped by Braden Holtby with a rebound.
5:39 of 1st period - Snap shot by Drew Stafford.
5:39 of 1st period - Stopped by Braden Holtby with a rebound.
6:00 of 1st period - Snap shot by Magnus Paajarvi-Svensson.
6:00 of 1st period - Stopped by Antti Niemi with a rebound.
6:47 of 1st period - Mark Fistric is hit by Erik Christensen and loses puck.
7:00 of 1st period - Cam Barker is hit by Erik Gudbranson and loses puck.
7:07 of 1st period - Kyle Clifford is hit by Magnus Paajarvi-Svensson.
7:11 of 1st period - Jonathan Sigalet is hit by Alexei Emelin and loses puck.
7:28 of 1st period - Matt Irwin is hit by James Neal and loses puck.
7:56 of 1st period - William Colbert is hit by Patrik Nemeth and loses puck.
8:11 of 1st period - Erik Gudbranson is hit by Mark Fistric and loses puck.
8:41 of 1st period - Off-side.
8:42 of 1st period - Jean-Gabriel Pageau wins face-off versus Stephen Weiss in neutral zone.
8:55 of 1st period - Erik Gudbranson is hit by Stephen Weiss and loses puck.
9:11 of 1st period - Wrist shot by James Neal.
9:11 of 1st period - Shot Misses the Net.
9:13 of 1st period - Slapshot by James Neal.
9:13 of 1st period - Stopped by Antti Niemi without a rebound.
9:14 of 1st period - Maxime Sauvé wins face-off versus Tomas Kopecky in Panthers zone.
9:21 of 1st period - Ryan Suter is hit by Matt Duchene and loses puck.
9:40 of 1st period - Ryan Suter is hit by Patrick Eaves and loses puck.
10:05 of 1st period - Mike Weber is hit by Matt Greene and loses puck.
10:14 of 1st period - Wrist shot by Alex Tanguay.
10:14 of 1st period - Stopped by Antti Niemi with a rebound.
10:16 of 1st period - Slapshot by Ryan Suter.
10:16 of 1st period - Shot Blocked by Eric Wellwood.
10:44 of 1st period - Minor Penalty to Jakob Silfverberg for Tripping.
10:45 of 1st period - Sean Couturier wins face-off versus Matt Duchene in Rangers zone.
11:30 of 1st period - Wrist shot by Matt Duchene.
11:30 of 1st period - Shot Blocked by Alex Tanguay.
12:44 of 1st period - Penalty to Jakob Silfverberg is over, Jakob Silfverberg is back on ice.
12:49 of 1st period - Snap shot by Matt Duchene.
12:49 of 1st period - Shot Misses the Net.
12:55 of 1st period - Snap shot by Erik Christensen.
12:55 of 1st period - Goal by Erik Christensen - Panthers : 2 - Rangers : 0.
12:56 of 1st period - Patrice Bergeron wins face-off versus Erik Christensen in neutral zone.
12:59 of 1st period - Snap shot by Mark Fistric.
12:59 of 1st period - Stopped by Antti Niemi with a rebound.
13:21 of 1st period - Kyle Clifford is hit by Cam Barker and loses puck.
14:52 of 1st period - Wrist shot by Magnus Paajarvi-Svensson.
14:52 of 1st period - Stopped by Antti Niemi with a rebound.
15:01 of 1st period - Icing by William Colbert.
15:02 of 1st period - Jean-Gabriel Pageau wins face-off versus Stephen Weiss in Panthers zone.
15:27 of 1st period - Snap shot by Erik Christensen.
15:27 of 1st period - Deflect By Steve Quailer.
15:27 of 1st period - Shot Misses the Net.
15:27 of 1st period - Puck is out of play.
15:28 of 1st period - Erik Christensen wins face-off versus Patrice Bergeron in Rangers zone.
15:40 of 1st period - Minor Penalty to Erik Christensen for Interference.
15:41 of 1st period - Jakob Silfverberg wins face-off versus Steve Quailer in Panthers zone.
16:23 of 1st period - Jonathan Sigalet is hit by Cam Barker and loses puck.
17:40 of 1st period - Penalty to Erik Christensen is over, Erik Christensen is back on ice.
18:06 of 1st period - Slapshot by Daniel Sedin.
18:06 of 1st period - Stopped by Braden Holtby with a rebound.
18:26 of 1st period - Slapshot by Erik Gudbranson.
18:26 of 1st period - Shot Blocked by Mark Fistric.
18:28 of 1st period - Slapshot by Erik Gudbranson.
18:28 of 1st period - Shot Misses the Net.
18:52 of 1st period - Wrist shot by Daniel Sedin.
18:52 of 1st period - Stopped by Braden Holtby without a rebound.
18:53 of 1st period - Stephen Weiss wins face-off versus Jonathan Matsumoto in Rangers zone.
19:25 of 1st period - Jakob Silfverberg is hit by Mike Weber and loses puck.
19:53 of 1st period - Jonathan Sigalet is hit by Maxime Sauvé and loses puck.
Goals for this period are 2 for Panthers vs 0 for Rangers.
Shots for this period are 8 for Panthers vs 10 for Rangers.
2nd period
0:01 of 2nd period - Matt Duchene wins face-off versus James Neal in neutral zone.
0:10 of 2nd period - Slapshot by Kyle Clifford.
0:10 of 2nd period - Deflect By Tomas Kopecky.
0:10 of 2nd period - Shot Blocked by Stephen Weiss.
0:10 of 2nd period - Puck is out of play.
0:11 of 2nd period - Stephen Weiss wins face-off versus Jean-Gabriel Pageau in Rangers zone.
0:11 of 2nd period - Mark Fistric is hit by Jonathan Sigalet and loses puck.
0:24 of 2nd period - Backhand shot by Drew Stafford.
0:24 of 2nd period - Shot Misses the Net.
0:26 of 2nd period - Slapshot by Erik Gudbranson.
0:26 of 2nd period - Deflect By Jean-Gabriel Pageau.
0:26 of 2nd period - Shot Misses the Net.
0:26 of 2nd period - Puck is out of play.
0:27 of 2nd period - Matt Duchene wins face-off versus Maxime Sauvé in Rangers zone.
0:28 of 2nd period - Slapshot by Kyle Clifford.
0:28 of 2nd period - Stopped by Braden Holtby with a rebound.
0:36 of 2nd period - Wrist shot by Chris Bourque.
0:36 of 2nd period - Goal by Chris Bourque - Panthers : 2 - Rangers : 1.
0:37 of 2nd period - Stephen Weiss wins face-off versus Jean-Gabriel Pageau in neutral zone.
0:46 of 2nd period - Wrist shot by Stephen Weiss.
0:46 of 2nd period - Stopped by Antti Niemi with a rebound.
1:02 of 2nd period - Matt Duchene is hit by Jakob Silfverberg.
1:26 of 2nd period - Snap shot by Erik Christensen.
1:26 of 2nd period - Deflect By Steve Quailer.
1:26 of 2nd period - Stopped by Braden Holtby without a rebound.
1:27 of 2nd period - Erik Christensen wins face-off versus Stephen Weiss in Rangers zone.
1:51 of 2nd period - Icing by Eric Wellwood.
1:52 of 2nd period - Erik Christensen wins face-off versus Artem Anisimov in Panthers zone.
2:25 of 2nd period - Jonathan Sigalet is hit by Stephen Weiss and loses puck.
3:00 of 2nd period - Slapshot by Jonathan Sigalet.
3:00 of 2nd period - Deflect By Matt Duchene.
3:00 of 2nd period - Shot Misses the Net.
3:00 of 2nd period - Puck is out of play.
3:01 of 2nd period - Maxime Sauvé wins face-off versus Matt Duchene in Rangers zone.
3:01 of 2nd period - Maxime Sauvé is hit by Matt Duchene.
3:52 of 2nd period - Slapshot by Alexei Emelin.
3:52 of 2nd period - Shot Hit the Post.
3:54 of 2nd period - Wrist shot by Patrice Bergeron.
3:54 of 2nd period - Deflect By Jakob Silfverberg.
3:54 of 2nd period - Shot Blocked by William Colbert.
3:54 of 2nd period - Puck is out of play.
3:55 of 2nd period - Patrice Bergeron wins face-off versus Matt Duchene in Panthers zone.
4:24 of 2nd period - Cam Barker is hit by Jean-Gabriel Pageau and loses puck.
5:01 of 2nd period - Backhand shot by Matt Duchene.
5:01 of 2nd period - Stopped by Braden Holtby without a rebound.
5:02 of 2nd period - Stephen Weiss wins face-off versus Matt Duchene in Rangers zone.
5:04 of 2nd period - Icing by James Neal.
5:05 of 2nd period - Stephen Weiss wins face-off versus Matt Duchene in Rangers zone.
5:54 of 2nd period - Snap shot by Artem Anisimov.
5:54 of 2nd period - Shot Blocked by Radko Gudas.
6:13 of 2nd period - Off-side.
6:14 of 2nd period - Matt Duchene wins face-off versus Maxime Sauvé in neutral zone.
7:02 of 2nd period - Nigel Dawes is hit by James Neal and loses puck.
7:23 of 2nd period - Slapshot by Matt Greene.
7:23 of 2nd period - Stopped by Antti Niemi with a rebound.
7:27 of 2nd period - Slapshot by Artem Anisimov.
7:27 of 2nd period - Stopped by Antti Niemi without a rebound.
7:28 of 2nd period - Matt Duchene wins face-off versus Patrice Bergeron in Panthers zone.
8:00 of 2nd period - Wrist shot by Jonathan Sigalet.
8:00 of 2nd period - Stopped by Braden Holtby with a rebound.
8:19 of 2nd period - Matt Read is hit by Eric Wellwood and loses puck.
8:41 of 2nd period - Snap shot by Patrick Eaves.
8:41 of 2nd period - Shot Misses the Net.
9:13 of 2nd period - Wrist shot by Alex Tanguay.
9:13 of 2nd period - Shot Misses the Net.
9:36 of 2nd period - Off-side.
9:37 of 2nd period - Erik Christensen wins face-off versus Maxime Sauvé in neutral zone.
9:42 of 2nd period - Snap shot by Erik Gudbranson.
9:42 of 2nd period - Goal by Erik Gudbranson - Panthers : 3 - Rangers : 1.
9:43 of 2nd period - Patrice Bergeron wins face-off versus Matt Duchene in neutral zone.
9:45 of 2nd period - Minor Penalty to Jakob Silfverberg for High sticking.
9:46 of 2nd period - Matt Duchene wins face-off versus Sean Couturier in Rangers zone.
10:29 of 2nd period - Icing by Jonathan Sigalet.
10:30 of 2nd period - Matt Duchene wins face-off versus Patrice Bergeron in Panthers zone.
11:45 of 2nd period - Penalty to Jakob Silfverberg is over, Jakob Silfverberg is back on ice.
11:54 of 2nd period - Jonathan Sigalet is hit by Magnus Paajarvi-Svensson and loses puck.
12:11 of 2nd period - Mike Weber is hit by Stephen Weiss and loses puck.
12:30 of 2nd period - Wrist shot by Jonathan Matsumoto.
12:30 of 2nd period - Stopped by Braden Holtby with a rebound.
12:57 of 2nd period - Cam Barker is hit by Drew Stafford and loses puck.
13:14 of 2nd period - Wrist shot by Devante Smith-Pelly.
13:14 of 2nd period - Shot Blocked by Jonathan Sigalet.
13:52 of 2nd period - Kyle Clifford is hit by Patrice Bergeron and loses puck.
14:05 of 2nd period - Wrist shot by Daniel Sedin.
14:05 of 2nd period - Stopped by Braden Holtby with a rebound.
14:07 of 2nd period - Snap shot by Daniel Sedin.
14:07 of 2nd period - Shot Misses the Net.
14:09 of 2nd period - Slapshot by Jonathan Sigalet.
14:09 of 2nd period - Stopped by Braden Holtby without a rebound.
14:10 of 2nd period - Matt Duchene wins face-off versus Stephen Weiss in Rangers zone.
14:17 of 2nd period - Wrist shot by Matt Duchene.
14:17 of 2nd period - Stopped by Braden Holtby with a rebound.
14:37 of 2nd period - Jean-Gabriel Pageau is hit by Chris Bourque and loses puck.
14:41 of 2nd period - Icing by Matt Irwin.
14:42 of 2nd period - Jean-Gabriel Pageau wins face-off versus Maxime Sauvé in Panthers zone.
14:53 of 2nd period - Wrist shot by Chris Bourque.
14:53 of 2nd period - Deflect By Maxime Sauvé.
14:53 of 2nd period - Shot Misses the Net.
14:53 of 2nd period - Puck is out of play.
14:54 of 2nd period - Patrice Bergeron wins face-off versus Matt Duchene in Panthers zone.
15:09 of 2nd period - Wrist shot by Jakob Silfverberg.
15:09 of 2nd period - Shot Misses the Net.
15:30 of 2nd period - Snap shot by Chris Bourque.
15:30 of 2nd period - Shot Misses the Net.
15:53 of 2nd period - Snap shot by Jean-Gabriel Pageau.
15:53 of 2nd period - Shot Blocked by Alexei Emelin.
16:08 of 2nd period - Mike Weber is hit by Alex Tanguay and loses puck.
16:27 of 2nd period - Slapshot by Patrice Bergeron.
16:27 of 2nd period - Stopped by Antti Niemi with a rebound.
16:37 of 2nd period - Snap shot by Patrice Bergeron.
16:37 of 2nd period - Stopped by Antti Niemi without a rebound.
16:38 of 2nd period - Maxime Sauvé wins face-off versus Drew Stafford in Panthers zone.
17:29 of 2nd period - Snap shot by Matt Duchene.
17:29 of 2nd period - Shot Blocked by Sean Couturier.
18:14 of 2nd period - Wrist shot by Nigel Dawes.
18:14 of 2nd period - Goal by Nigel Dawes - Panthers : 4 - Rangers : 1.
18:14 of 2nd period - Frederik Andersen enters game.
18:15 of 2nd period - Stephen Weiss wins face-off versus Matt Duchene in neutral zone.
18:20 of 2nd period - Matt Duchene is hit by Alex Tanguay and loses puck.
18:50 of 2nd period - Wrist shot by Patrice Bergeron.
18:50 of 2nd period - Shot Misses the Net.
19:05 of 2nd period - Off-side.
19:06 of 2nd period - Chris Bourque wins face-off versus Matt Duchene in neutral zone.
19:09 of 2nd period - Radko Gudas is hit by Mark Fistric and loses puck.
19:32 of 2nd period - Erik Christensen is hit by James Neal and loses puck.
19:43 of 2nd period - Snap shot by Stephen Weiss.
19:43 of 2nd period - Shot Blocked by Erik Christensen.
19:45 of 2nd period - Slapshot by Matt Greene.
19:45 of 2nd period - Stopped by Antti Niemi with a rebound.
19:55 of 2nd period - Wrist shot by Artem Anisimov.
19:55 of 2nd period - Stopped by Antti Niemi with a rebound.
Goals for this period are 2 for Panthers vs 1 for Rangers.
Shots for this period are 10 for Panthers vs 8 for Rangers.
3rd period
0:01 of 3rd period - Matt Duchene wins face-off versus Patrice Bergeron in neutral zone.
0:26 of 3rd period - Stephen Weiss is hit by Jonathan Sigalet and loses puck.
0:48 of 3rd period - Erik Christensen is hit by Magnus Paajarvi-Svensson and loses puck.
1:07 of 3rd period - Minor Penalty to Erik Christensen for High sticking.
1:08 of 3rd period - Steve Quailer wins face-off versus Patrice Bergeron in Panthers zone.
1:22 of 3rd period - Icing by Matt Greene.
1:23 of 3rd period - Patrice Bergeron wins face-off versus Steve Quailer in Rangers zone.
1:42 of 3rd period - Backhand shot by Patrice Bergeron.
1:42 of 3rd period - Shot Misses the Net.
1:44 of 3rd period - Slapshot by Matt Greene.
1:44 of 3rd period - Shot Blocked by Erik Gudbranson.
1:46 of 3rd period - Wrist shot by Jakob Silfverberg.
1:46 of 3rd period - Shot Misses the Net.
1:48 of 3rd period - Wrist shot by Sean Couturier.
1:48 of 3rd period - Deflect By Jakob Silfverberg.
1:48 of 3rd period - Shot Misses the Net.
1:48 of 3rd period - Puck is out of play.
1:49 of 3rd period - Steve Quailer wins face-off versus Stephen Weiss in Panthers zone.
2:30 of 3rd period - Wrist shot by Mark Fistric.
2:30 of 3rd period - Shot Blocked by Mike Weber.
2:34 of 3rd period - Slapshot by James Neal.
2:34 of 3rd period - Shot Blocked by Mike Weber.
2:36 of 3rd period - Slapshot by Alex Tanguay.
2:36 of 3rd period - Stopped by Antti Niemi with a rebound.
2:38 of 3rd period - Slapshot by Mark Fistric.
2:38 of 3rd period - Shot Blocked by Jonathan Sigalet.
2:45 of 3rd period - Off-side.
2:46 of 3rd period - Patrice Bergeron wins face-off versus Steve Quailer in neutral zone.
2:49 of 3rd period - Slapshot by Matt Greene.
2:49 of 3rd period - Shot Blocked by Radko Gudas.
3:07 of 3rd period - Penalty to Erik Christensen is over, Erik Christensen is back on ice.
3:11 of 3rd period - Steve Quailer is hit by Ryan Suter and loses puck.
3:39 of 3rd period - Icing by Matt Duchene.
3:40 of 3rd period - Sean Couturier wins face-off versus Matt Duchene in Panthers zone.
4:09 of 3rd period - Wrist shot by Jonathan Matsumoto.
4:09 of 3rd period - Shot Misses the Net.
4:26 of 3rd period - Off-side.
4:27 of 3rd period - Erik Christensen wins face-off versus Maxime Sauvé in neutral zone.
4:32 of 3rd period - Snap shot by Erik Christensen.
4:32 of 3rd period - Deflect By Chris Bourque.
4:32 of 3rd period - Stopped by Frederik Andersen without a rebound.
4:33 of 3rd period - Erik Christensen wins face-off versus Maxime Sauvé in Rangers zone.
4:36 of 3rd period - Backhand shot by Eric Wellwood.
4:36 of 3rd period - Stopped by Frederik Andersen without a rebound.
4:37 of 3rd period - Patrice Bergeron wins face-off versus Matt Duchene in Rangers zone.
4:39 of 3rd period - Minor Penalty to Cam Barker for Roughing.
4:40 of 3rd period - Matt Duchene wins face-off versus Sean Couturier in Rangers zone.
6:02 of 3rd period - Minor Penalty to Alex Tanguay for Boarding.
6:03 of 3rd period - Sean Couturier wins face-off versus Jean-Gabriel Pageau in Rangers zone.
6:12 of 3rd period - Sean Couturier is hit by Jean-Gabriel Pageau and loses puck.
6:35 of 3rd period - Wrist shot by Tomas Kopecky.
6:35 of 3rd period - Stopped by Frederik Andersen with a rebound.
6:37 of 3rd period - Slapshot by Kyle Clifford.
6:37 of 3rd period - Stopped by Frederik Andersen without a rebound.
6:38 of 3rd period - Matt Duchene wins face-off versus Jakob Silfverberg in Rangers zone.
6:39 of 3rd period - Penalty to Cam Barker is over, Cam Barker is back on ice.
8:02 of 3rd period - Penalty to Alex Tanguay is over, Alex Tanguay is back on ice.
8:11 of 3rd period - James Neal is hit by Mike Weber and loses puck.
8:31 of 3rd period - Minor Penalty to Alexei Emelin for Hooking.
8:32 of 3rd period - Matt Duchene wins face-off versus Sean Couturier in Rangers zone.
8:43 of 3rd period - Wrist shot by Matt Duchene.
8:43 of 3rd period - Deflect By Tomas Kopecky.
8:43 of 3rd period - Stopped by Frederik Andersen with a rebound.
8:45 of 3rd period - Slapshot by Erik Gudbranson.
8:45 of 3rd period - Stopped by Frederik Andersen without a rebound.
8:46 of 3rd period - Sean Couturier wins face-off versus Matt Duchene in Rangers zone.
10:31 of 3rd period - Penalty to Alexei Emelin is over, Alexei Emelin is back on ice.
10:34 of 3rd period - Chris Bourque is hit by Eric Wellwood and loses puck.
10:47 of 3rd period - Snap shot by Eric Wellwood.
10:47 of 3rd period - Shot Misses the Net.
10:57 of 3rd period - Slapshot by Cam Barker.
10:57 of 3rd period - Stopped by Antti Niemi without a rebound.
10:58 of 3rd period - Artem Anisimov wins face-off versus Jonathan Matsumoto in Panthers zone.
11:23 of 3rd period - Alex Tanguay is hit by Matt Irwin and loses puck.
11:30 of 3rd period - Slapshot by Stephen Weiss.
11:30 of 3rd period - Stopped by Antti Niemi without a rebound.
11:31 of 3rd period - Drew Stafford wins face-off versus Patrice Bergeron in Panthers zone.
11:40 of 3rd period - Slapshot by Erik Gudbranson.
11:40 of 3rd period - Shot Misses the Net.
11:42 of 3rd period - Wrist shot by Drew Stafford.
11:42 of 3rd period - Deflect By Patrik Nemeth.
11:42 of 3rd period - Stopped by Frederik Andersen without a rebound.
11:43 of 3rd period - Matt Duchene wins face-off versus Patrice Bergeron in Rangers zone.
11:48 of 3rd period - Slapshot by Matt Duchene.
11:48 of 3rd period - Shot Misses the Net.
11:58 of 3rd period - Snap shot by Jakob Silfverberg.
11:58 of 3rd period - Shot Misses the Net.
12:13 of 3rd period - Wrist shot by Drew Stafford.
12:13 of 3rd period - Stopped by Frederik Andersen without a rebound.
12:14 of 3rd period - Jean-Gabriel Pageau wins face-off versus Stephen Weiss in Rangers zone.
12:22 of 3rd period - Minor Penalty to Jean-Gabriel Pageau for Tripping.
12:23 of 3rd period - Erik Christensen wins face-off versus Patrice Bergeron in Panthers zone.
12:25 of 3rd period - Minor Penalty to Drew Stafford for Holding Stick.
12:26 of 3rd period - Erik Christensen wins face-off versus Patrice Bergeron in Panthers zone.
12:36 of 3rd period - Wrist shot by Sean Couturier.
12:36 of 3rd period - Stopped by Antti Niemi with a rebound.
12:48 of 3rd period - Radko Gudas is hit by Mark Fistric and loses puck.
12:59 of 3rd period - Stephen Weiss is hit by Radko Gudas.
13:05 of 3rd period - Slapshot by Cam Barker.
13:05 of 3rd period - Deflect By James Neal.
13:05 of 3rd period - Shot Misses the Net.
13:05 of 3rd period - Puck is out of play.
13:06 of 3rd period - Stephen Weiss wins face-off versus Steve Quailer in Panthers zone.
13:17 of 3rd period - Snap shot by Stephen Weiss.
13:17 of 3rd period - Shot Blocked by Jonathan Sigalet.
13:19 of 3rd period - Snap shot by Alex Tanguay.
13:19 of 3rd period - Stopped by Antti Niemi with a rebound.
13:21 of 3rd period - Wrist shot by Stephen Weiss.
13:21 of 3rd period - Shot Misses the Net.
13:23 of 3rd period - Snap shot by Stephen Weiss.
13:23 of 3rd period - Shot Misses the Net.
13:42 of 3rd period - Slapshot by Jakob Silfverberg.
13:42 of 3rd period - Shot Misses the Net.
14:00 of 3rd period - Radko Gudas is hit by Cam Barker and loses puck.
14:22 of 3rd period - Penalty to Jean-Gabriel Pageau is over, Jean-Gabriel Pageau is back on ice.
14:25 of 3rd period - Penalty to Drew Stafford is over, Drew Stafford is back on ice.
14:54 of 3rd period - Snap shot by Devante Smith-Pelly.
14:54 of 3rd period - Shot Misses the Net.
14:56 of 3rd period - Wrist shot by Artem Anisimov.
14:56 of 3rd period - Shot Hit the Post.
14:58 of 3rd period - Wrist shot by Magnus Paajarvi-Svensson.
14:58 of 3rd period - Shot Misses the Net.
15:00 of 3rd period - Wrist shot by Devante Smith-Pelly.
15:00 of 3rd period - Shot Misses the Net.
15:02 of 3rd period - Wrist shot by Alexei Emelin.
15:02 of 3rd period - Shot Blocked by Radko Gudas.
15:04 of 3rd period - Backhand shot by Artem Anisimov.
15:04 of 3rd period - Shot Misses the Net.
15:26 of 3rd period - Ryan Suter is hit by Erik Christensen and loses puck.
15:41 of 3rd period - Wrist shot by Matt Duchene.
15:41 of 3rd period - Shot Blocked by Chris Bourque.
15:43 of 3rd period - Wrist shot by Tomas Kopecky.
15:43 of 3rd period - Deflect By Kyle Clifford.
15:43 of 3rd period - Shot Blocked by Maxime Sauvé.
15:43 of 3rd period - Puck is out of play.
15:44 of 3rd period - Kyle Clifford wins face-off versus Patrice Bergeron in Rangers zone.
15:49 of 3rd period - Snap shot by Kyle Clifford.
15:49 of 3rd period - Stopped by Frederik Andersen without a rebound.
15:50 of 3rd period - Matt Duchene wins face-off versus Patrice Bergeron in Rangers zone.
15:51 of 3rd period - Wrist shot by Kyle Clifford.
15:51 of 3rd period - Stopped by Frederik Andersen without a rebound.
15:52 of 3rd period - Matt Duchene wins face-off versus Patrice Bergeron in Rangers zone.
15:53 of 3rd period - Wrist shot by Kyle Clifford.
15:53 of 3rd period - Shot Misses the Net.
16:06 of 3rd period - Minor Penalty to Matt Duchene for Hooking.
16:07 of 3rd period - Patrice Bergeron wins face-off versus Erik Christensen in Panthers zone.
16:10 of 3rd period - Snap shot by Patrice Bergeron.
16:10 of 3rd period - Stopped by Antti Niemi without a rebound.
16:11 of 3rd period - Patrice Bergeron wins face-off versus Erik Christensen in Panthers zone.
17:07 of 3rd period - Icing by Stephen Weiss.
17:08 of 3rd period - Erik Christensen wins face-off versus James Neal in Rangers zone.
17:25 of 3rd period - Snap shot by Alex Tanguay.
17:25 of 3rd period - Goal by Alex Tanguay - Panthers : 4 - Rangers : 2.
17:26 of 3rd period - Maxime Sauvé wins face-off versus Erik Christensen in neutral zone.
17:31 of 3rd period - Slapshot by Erik Christensen.
17:31 of 3rd period - Goal by Erik Christensen - Panthers : 5 - Rangers : 2.
17:32 of 3rd period - Matt Duchene wins face-off versus Patrice Bergeron in neutral zone.
18:07 of 3rd period - Minor Penalty to Jonathan Sigalet for Holding.
18:08 of 3rd period - Erik Christensen wins face-off versus Patrice Bergeron in Panthers zone.
19:21 of 3rd period - Mike Weber is hit by Patrice Bergeron and loses puck.
Goals for this period are 1 for Panthers vs 1 for Rangers.
Shots for this period are 11 for Panthers vs 7 for Rangers.
Back to the Top